[Event "Moscow Youth U19 2019"]
[Site "Moscow"]
[Date "2019.11.19"]
[Round "2.1"]
[White "Zavialov, Nikita A."]
[Black "Pavlov, Danila"]
[Result "0-1"]
[ECO "C01"]
[WhiteElo "2066"]
[BlackElo "2369"]
[Annotator "ChessBase"]
[PlyCount "78"]
[EventDate "2019.11.18"]
[EventType "swiss"]
[EventCountry "RUS"]
[SourceTitle "playchess.com"]
[Source "ChessBase"]
[SourceQuality "1"]
[TimeControl "5400+30"]

1. e4 e6 2. d4 d5 3. exd5 exd5 4. Bd3 Nc6 5. Nf3 Bd6 6. O-O Bg4 7. c3 Qd7 8. Re1+ Nge7 9. Nbd2 O-O-O 10. b4 Rde8 11. b5 Nd8 12. Qa4 Kb8 13. Ne5 Bxe5 14. dxe5 Ng6 15. Bxg6 hxg6 16. Nb3 f6 17. Be3 b6 18. Bf4 g5 19. Bg3 f5 20. f4 gxf4 21. Bxf4 a5 22. Nd4 Rh5 23. h3 Bxh3 24. gxh3 g5 25. Bh2 f4 26. e6 Nxe6 27. Re5 Nxd4 28. Qxd4 Rxe5 29. Qxe5 Qxh3 30. Qe2 Rh8 31. Rd1 Qf5 32. Qg2 g4 33. Qxd5 Qxd5 34. Rxd5 g3 35. Bxg3 fxg3 36. a4 Rh4 37. Rd4 Rxd4 38. cxd4 c6 39. bxc6 b5 0-1

[Event "Moscow Youth U19 2019"]
[Site "Moscow"]
[Date "2019.11.19"]
[Round "2.2"]
[White "Rysaev, Danial"]
[Black "Yeritsyan, Aram"]
[Result "0-1"]
[ECO "D11"]
[WhiteElo "2029"]
[BlackElo "2276"]
[Annotator "ChessBase"]
[PlyCount "28"]
[EventDate "2019.11.18"]
[EventType "swiss"]
[EventCountry "RUS"]
[SourceTitle "playchess.com"]
[Source "ChessBase"]
[SourceQuality "1"]
[TimeControl "5400+30"]

1. d4 d5 2. c4 c6 3. Nf3 Nf6 4. Qc2 a6 5. Nbd2 b5 6. b3 e6 7. g3 Nbd7 8. Bg2 Bd6 9. O-O Bb7 10. e4 dxe4 11. Ng5 O-O 12. Ngxe4 Be7 13. Bb2 Qc7 14. Nxf6+ Nxf6 0-1

[Event "Moscow Youth U19 2019"]
[Site "Moscow"]
[Date "2019.11.19"]
[Round "2.3"]
[White "Fedorov, Nikita"]
[Black "Talyzin, Valeriy"]
[Result "1-0"]
[ECO "B06"]
[WhiteElo "2133"]
[BlackElo "1829"]
[Annotator "ChessBase"]
[PlyCount "51"]
[EventDate "2019.11.18"]
[EventType "swiss"]
[EventCountry "RUS"]
[SourceTitle "playchess.com"]
[Source "ChessBase"]
[SourceQuality "1"]
[TimeControl "5400+30"]

1. e4 g6 2. d4 Bg7 3. Nc3 d6 4. Be3 c6 5. Qd2 b5 6. f3 a5 7. h4 h5 8. a4 b4 9. Nd1 Nd7 10. Nh3 Ngf6 11. Ng5 Nh7 12. Nxh7 Rxh7 13. Nf2 c5 14. c3 Ba6 15. Bxa6 Rxa6 16. O-O Rh8 17. Rfd1 Ra8 18. Nh3 Qc7 19. Ng5 b3 20. dxc5 Ne5 21. f4 Nc4 22. Qd5 Nxe3 23. Qxa8+ Kd7 24. c6+ Qxc6 25. Qa7+ Qc7 26. Qxe3 1-0

[Event "Moscow Youth U19 2019"]
[Site "Moscow"]
[Date "2019.11.19"]
[Round "2.4"]
[White "Usov, Aleksandr E."]
[Black "Miroshnik, Ekaterina"]
[Result "1-0"]
[ECO "C06"]
[WhiteElo "1930"]
[BlackElo "2127"]
[Annotator "ChessBase"]
[PlyCount "66"]
[EventDate "2019.11.18"]
[EventType "swiss"]
[EventCountry "RUS"]
[SourceTitle "playchess.com"]
[Source "ChessBase"]
[SourceQuality "1"]
[TimeControl "5400+30"]

1. e4 e6 2. d4 d5 3. Nd2 Nf6 4. e5 Nfd7 5. c3 c5 6. Bd3 Nc6 7. Ngf3 cxd4 8. cxd4 f6 9. exf6 Nxf6 10. O-O Bd6 11. b3 O-O 12. Bb2 Bd7 13. Ne5 Qc7 14. Rc1 Rae8 15. Re1 Qb6 16. Ndf3 Bc8 17. Qe2 Bb4 18. Red1 Ne7 19. Qc2 Bd6 20. Ng5 Nf5 21. Qe2 Be7 22. Bb1 a6 23. Qf3 Nd7 24. Qh5 Bxg5 25. Rxc8 Nf6 26. Rxe8 Rxe8 27. Qxg5 Nd6 28. Ng4 Nfe4 29. Bxe4 Nxe4 30. Qe3 h5 31. Ne5 Qb4 32. f3 Nd6 33. Qg5 Nc8 1-0

[Event "Moscow Youth U19 2019"]
[Site "Moscow"]
[Date "2019.11.19"]
[Round "2.5"]
[White "Beliuga, Mikhail"]
[Black "Vetokhin, Savva"]
[Result "0-1"]
[ECO "A46"]
[WhiteElo "1816"]
[BlackElo "2081"]
[Annotator "NA"]
[PlyCount "42"]
[EventDate "2019.11.18"]
[EventType "swiss"]
[EventCountry "RUS"]
[SourceTitle "playchess.com"]
[Source "ChessBase"]
[SourceQuality "1"]
[TimeControl "5400+30"]

1. d4 Nf6 2. Nf3 e6 3. g3 b5 4. Bg2 d5 5. Ne5 (5. O-O Be7 6. a4 b4 7. c4 bxc3 8. Nxc3 O-O 9. Bf4 c6 10. a5 Nh5 11. Bd2 Nd7 12. e4 Ba6 13. Re1 Nhf6 14. e5 Ne8 15. Na4 Bd3 16. Rc1 {0-1 (45) Kuzubov,Y (2636)-Bosiocic,M (2619) Slovenia 2019}) 5... Bd6 6. c4 {[%emt 0:02:30] A46: 1 d4 Nf6 2 Nf3 e6: Torre, London and Colle Systems} bxc4 7. Nxc4 dxc4 $146 ({Predecessor:} 7... Be7 $11 {remains equal.} 8. Ne5 O-O 9. Nc3 Nfd7 10. Nd3 Ba6 11. O-O c5 12. dxc5 Nxc5 13. Nxc5 Bxc5 14. Nxd5 exd5 15. Qxd5 Qxd5 16. Bxd5 {0-1 (45) Ozeran,V (2133)-Hoepfl,T (2281) Germany 2015}) 8. Bxa8 c6 $1 9. Bg5 Qa5+ 10. Qd2 $2 {[%emt 0:01:19] [#]} (10. Bd2 $1 $11 Qb6 11. Nc3) 10... Bb4 $1 11. Nc3 Ne4 $1 12. Qf4 (12. Qe3 $142 Nxg5 13. O-O) 12... Bxc3+ ({Not} 12... Nxg5 13. Kf1 $11) 13. bxc3 $2 (13. Kf1 Qxg5 14. Qxb8 {[%mdl 64] Double Attack}) 13... Qxc3+ {[%emt 0:00:11] Double Attack} ({Weaker is} 13... Nxg5 14. Rc1 $16) 14. Kf1 Qxa1+ {[%emt 0:01:12] Double Attack} 15. Kg2 Qxd4 16. Rb1 Qd5 17. Rxb8 O-O 18. Be7 e5 19. Qe3 {[%emt 0:13:02] [#]} Bh3+ $1 20. Kxh3 Rxb8 21. Qxa7 {[%emt 0:00:32] [#]} Nxf2+ $19 0-1

[Event "Moscow Youth U19 2019"]
[Site "Moscow"]
[Date "2019.11.19"]
[Round "2.6"]
[White "Makarian, Rudik"]
[Black "Shlykov, Yaroslav"]
[Result "1-0"]
[ECO "A03"]
[WhiteElo "2405"]
[BlackElo "1623"]
[Annotator "ChessBase"]
[PlyCount "71"]
[EventDate "2019.11.18"]
[EventType "swiss"]
[EventCountry "RUS"]
[SourceTitle "playchess.com"]
[Source "ChessBase"]
[SourceQuality "1"]
[TimeControl "5400+30"]

1. d3 Nf6 2. f4 d5 3. Nf3 g6 4. g3 Bg7 5. Bg2 O-O 6. O-O c5 7. c3 Nc6 8. Na3 a6 9. Nc2 Qd6 10. Qe1 b5 11. e4 dxe4 12. dxe4 e5 13. fxe5 Nxe5 14. Nxe5 Qxe5 15. Bf4 Qe6 16. Bd6 Qxd6 17. e5 Qb8 18. exf6 Bh6 19. Bxa8 Qxa8 20. Qf2 Qc6 21. h4 Qe6 22. Rfe1 Qh3 23. Qg2 Qg4 24. Ne3 Bxe3+ 25. Rxe3 Be6 26. Rae1 Qf5 27. Rf1 Qg4 28. Re4 Qh5 29. Qd2 Bd5 30. Re7 Bxa2 31. Rd7 Qe5 32. Qg5 Qb8 33. Rfd1 Be6 34. R1d6 Kh8 35. Qh6 Rg8 36. Rd8 1-0

[Event "Moscow Youth U19 2019"]
[Site "Moscow"]
[Date "2019.11.19"]
[Round "2.7"]
[White "Gotsiuk, Denis"]
[Black "Orlov, Aleksandr"]
[Result "1-0"]
[ECO "D02"]
[WhiteElo "1976"]
[BlackElo "1965"]
[Annotator "NA"]
[PlyCount "67"]
[EventDate "2019.11.18"]
[EventType "swiss"]
[EventCountry "RUS"]
[SourceTitle "playchess.com"]
[Source "ChessBase"]
[SourceQuality "1"]
[TimeControl "5400+30"]

1. d4 d5 2. Bf4 Nf6 3. e3 e6 4. Nf3 c5 5. c3 Nc6 6. Nbd2 Bd6 7. Bg3 Qe7 8. Ne5 Bxe5 9. dxe5 Nd7 10. f4 f6 11. exf6 Nxf6 12. Nf3 Bd7 13. Bd3 O-O-O 14. Qe2 Be8 15. O-O Bh5 16. e4 Bg6 17. e5 Nh5 $18 18. Bh4 Nxf4 19. Qe3 Qc7 20. Bxd8 Rxd8 21. Bxg6 Nxg6 22. Qxc5 Ngxe5 23. Nxe5 Qxe5 24. Rae1 Qd6 25. Qxd6 Rxd6 26. Rf7 Rd7 27. Rf8+ Rd8 28. Ref1 Ne5 29. Rxd8+ Kxd8 30. Re1 Nd3 31. Rxe6 Nxb2 32. Rd6+ Kc7 33. Rxd5 Na4 34. Ra5 1-0

[Event "Moscow Youth U19 2019"]
[Site "Moscow"]
[Date "2019.11.19"]
[Round "2.8"]
[White "Gurvich, Vitaly"]
[Black "Budnichenko, Vladimir"]
[Result "1-0"]
[ECO "E16"]
[WhiteElo "2265"]
[BlackElo "1489"]
[Annotator "ChessBase"]
[PlyCount "73"]
[EventDate "2019.11.18"]
[EventType "swiss"]
[EventCountry "RUS"]
[SourceTitle "playchess.com"]
[Source "ChessBase"]
[SourceQuality "1"]
[TimeControl "5400+30"]

1. d4 Nf6 2. c4 e6 3. Nf3 Bb4+ 4. Bd2 a5 5. g3 b6 6. Bg2 Bb7 7. O-O O-O 8. Nc3 d6 9. Rc1 Bxc3 10. Bxc3 Ne4 11. d5 e5 12. Be1 f5 13. Qc2 Nc5 14. b3 Nbd7 15. Bc3 Qe7 16. Nd2 f4 17. a3 Nf6 18. b4 axb4 19. axb4 Na4 20. Ba1 b5 21. Nb3 bxc4 22. Na5 Nc5 23. Nxb7 Nxb7 24. Qxc4 fxg3 25. hxg3 Rf7 26. Bh3 Nd8 27. Bb2 e4 28. Bd4 g5 29. Ra1 Rxa1 30. Rxa1 g4 31. Bg2 Nh5 32. Ra3 Rf5 33. Ra8 Rf7 34. Bxe4 Qxe4 35. Rxd8+ Rf8 36. Rxf8+ Kxf8 37. Bg7+ 1-0

[Event "Moscow Youth U19 2019"]
[Site "Moscow"]
[Date "2019.11.19"]
[Round "2.10"]
[White "Sekoyan, Vachagan"]
[Black "Talalov, Anton"]
[Result "1-0"]
[ECO "D31"]
[WhiteElo "2084"]
[BlackElo "1792"]
[Annotator "NA"]
[PlyCount "69"]
[EventDate "2019.11.18"]
[EventType "swiss"]
[EventCountry "RUS"]
[SourceTitle "playchess.com"]
[Source "ChessBase"]
[SourceQuality "1"]
[TimeControl "5400+30"]

1. d4 d5 2. c4 e6 3. Nc3 Be7 4. cxd5 exd5 5. Bf4 c6 6. e3 Bf5 7. g4 Bg6 8. h4 {[%emt 0:03:50] D31: Queen's Gambit Declined: Semi-Slav without ...Nf6 (+ Marshall Gambit and Noteboom) and Exchange Variation lines without ...Nf6} h6 9. h5 Bh7 10. Bd3 Bxd3 11. Qxd3 Nf6 12. f3 O-O $146 (12... Nbd7 $14) ({Predecessor:} 12... Bd6 13. Nge2 Bxf4 14. Nxf4 Qd6 15. O-O-O Nbd7 {1-0 (38) Vitiugov,N (2722)-Zhou,J (2668) Ningbo 2010}) 13. Nge2 Bd6 14. O-O-O Bxf4 15. Nxf4 Qc7 16. Rdg1 Nh7 $1 17. Nh3 Nd7 18. g5 hxg5 19. Nxg5 Ndf6 20. Nxh7 (20. h6 $18 g6 21. Ne6 {[%mdl 64] Promotion}) 20... Nxh7 21. Rg2 f6 22. Rhg1 Ng5 23. h6 Rf7 (23... gxh6 {was worth a try.} 24. f4 {[%mdl 64] Pin} Qh7) 24. f4 Ne6 25. Qf5 Qe7 26. Rg6 Re8 27. Kb1 b5 $18 28. Ne2 Qf8 29. Ng3 Ree7 30. Nh5 Kh8 31. hxg7+ Rxg7 32. Nxg7 Nxg7 33. Rh6+ Kg8 34. Qh7+ Kf7 35. Rhg6 1-0

[Event "Moscow Youth U19 2019"]
[Site "Moscow"]
[Date "2019.11.20"]
[Round "3.1"]
[White "Pavlov, Danila"]
[Black "Fedorov, Nikita"]
[Result "1/2-1/2"]
[ECO "C12"]
[WhiteElo "2369"]
[BlackElo "2133"]
[Annotator "ChessBase"]
[PlyCount "87"]
[EventDate "2019.11.18"]
[EventType "swiss"]
[EventCountry "RUS"]
[SourceTitle "playchess.com"]
[Source "ChessBase"]
[SourceQuality "1"]
[TimeControl "5400+30"]

1. e4 e6 2. d4 d5 3. Nc3 Nf6 4. Bg5 Bb4 5. e5 h6 6. Bd2 Bxc3 7. bxc3 Ne4 8. Qg4 Kf8 9. Bd3 Nxd2 10. Kxd2 c5 11. Nf3 Nc6 12. h4 c4 13. Be2 Bd7 14. Rh3 b5 15. Rg3 Rg8 16. h5 Be8 17. Qf4 a5 18. Rh1 b4 19. Bd1 bxc3+ 20. Ke2 Qb6 21. Rhh3 Nb4 22. Nh4 Ke7 23. a3 Na2 24. Rxg7 Rxg7 25. Qf6+ Kd7 26. Qxg7 Qxd4 27. Qxh6 Qxe5+ 28. Re3 Nc1+ 29. Kf1 Qd4 30. Nf3 Qxd1+ 31. Re1 Qxc2 32. Rxc1 Qd3+ 33. Kg1 Kc7 34. Qf4+ Kc8 35. h6 Rb8 36. Qh4 Rb1 37. h7 Rxc1+ 38. Kh2 Qb1 39. h8=Q Rh1+ 40. Kg3 Qb8+ 41. Ne5 Rxh4 42. Qxe8+ Kb7 43. Qb5+ Ka8 44. Qa6+ 1/2-1/2

[Event "Moscow Youth U19 2019"]
[Site "Moscow"]
[Date "2019.11.20"]
[Round "3.2"]
[White "Yeritsyan, Aram"]
[Black "Usov, Aleksandr E."]
[Result "1/2-1/2"]
[ECO "B15"]
[WhiteElo "2276"]
[BlackElo "1930"]
[Annotator "ChessBase"]
[PlyCount "94"]
[EventDate "2019.11.18"]
[EventType "swiss"]
[EventCountry "RUS"]
[SourceTitle "playchess.com"]
[Source "ChessBase"]
[SourceQuality "1"]
[TimeControl "5400+30"]

1. e4 c6 2. d4 d5 3. Nc3 dxe4 4. Nxe4 Nf6 5. Nxf6+ exf6 6. c3 Bd6 7. Bd3 O-O 8. Qc2 Re8+ 9. Ne2 h5 10. Be3 Nd7 11. Ng3 c5 12. O-O-O Qa5 13. Kb1 cxd4 14. Bxd4 Nf8 15. Nf5 Bxf5 16. Bxf5 Be5 17. Be3 b5 18. Rd5 Rab8 19. Rhd1 Qc7 20. Bd7 Nxd7 21. Rxd7 Qc6 22. Qb3 Re6 23. Bxa7 Rb7 24. Rxb7 Qxb7 25. Be3 Bxh2 26. Rd8+ Kh7 27. Qd5 Qxd5 28. Rxd5 Re5 29. Rxe5 Bxe5 30. Kc2 g5 31. c4 h4 32. cxb5 g4 33. f3 gxf3 34. gxf3 h3 35. Bg1 h2 36. Bxh2 Bxh2 37. a4 Kg6 38. a5 Kf5 39. b6 Bg1 40. Kd3 Ke6 41. Kc4 Kd7 42. Kb5 f5 43. Ka6 Kc6 44. b4 Bd4 45. Ka7 Kb5 46. Kb7 f4 47. Kc8 Kxb4 1/2-1/2

[Event "Moscow Youth U19 2019"]
[Site "Moscow"]
[Date "2019.11.20"]
[Round "3.3"]
[White "Vetokhin, Savva"]
[Black "Gotsiuk, Denis"]
[Result "1/2-1/2"]
[ECO "B03"]
[WhiteElo "2081"]
[BlackElo "1976"]
[Annotator "NA"]
[PlyCount "82"]
[EventDate "2019.11.18"]
[EventType "swiss"]
[EventCountry "RUS"]
[SourceTitle "playchess.com"]
[Source "ChessBase"]
[SourceQuality "1"]
[TimeControl "5400+30"]

1. e4 Nf6 2. e5 Nd5 3. d4 d6 4. c4 Nb6 5. exd6 exd6 6. Nc3 Be7 7. Be3 Nc6 8. h3 {[%emt 0:03:11] B03: Alekhine's Defence: Four Pawns Attack} Bf5 9. Nf3 Bf6 (9... O-O 10. g4 Bg6 11. h4 h6 12. h5 Bh7 13. Rg1 d5 14. g5 hxg5 15. Nxg5 Bxg5 16. Rxg5 Nb4 {0-1 (57) Harikrishna,P (2744)-Bortnyk,O (2610) Riadh 2017}) 10. Rc1 O-O 11. d5 Ne5 12. Nd4 Bg6 13. b3 Re8 14. Be2 Bg5 $146 ({Predecessor:} 14... Nd3+ 15. Bxd3 Bxd4 16. Bxg6 Bxe3 17. Bxh7+ Kxh7 {0-1 (44) Jaenig,R (2164)-Wohl,A (2418) Bad Woerishofen 2008}) 15. Bxg5 Qxg5 16. O-O Qf4 17. g3 Qh6 ({Black should try} 17... Qf6 $1 $14) 18. Kh2 Ned7 19. f4 (19. Ndb5 $142) 19... Be4 (19... Nf6 $16) 20. Ndb5 Bf5 21. Bg4 Bxg4 22. Qxg4 Rec8 23. Rfe1 a6 24. Nd4 Re8 25. Nf5 Qf6 26. Ne4 Qg6 27. Qxg6 hxg6 28. Nd4 Kf8 29. Kg2 Re7 30. Ng5 Rae8 31. Rxe7 Rxe7 32. Kf3 Nc5 33. Rd1 Nbd7 34. g4 Nf6 35. b4 Na4 36. Rc1 Nb2 37. Ne2 b5 38. cxb5 axb5 39. Nc3 $1 Nd3 40. Rb1 $11 Ne1+ 41. Kf2 Nd3+ 1/2-1/2

[Event "Moscow Youth U19 2019"]
[Site "Moscow"]
[Date "2019.11.20"]
[Round "3.4"]
[White "Miroshnik, Ekaterina"]
[Black "Makarian, Rudik"]
[Result "0-1"]
[ECO "A64"]
[WhiteElo "2127"]
[BlackElo "2405"]
[Annotator "ChessBase"]
[PlyCount "152"]
[EventDate "2019.11.18"]
[EventType "swiss"]
[EventCountry "RUS"]
[SourceTitle "playchess.com"]
[Source "ChessBase"]
[SourceQuality "1"]
[TimeControl "5400+30"]

1. d4 Nf6 2. Nf3 g6 3. c4 Bg7 4. g3 c5 5. d5 O-O 6. Nc3 e6 7. Bg2 exd5 8. cxd5 d6 9. O-O Re8 10. Nd2 a6 11. a4 Nbd7 12. Nc4 Ne5 13. Nxe5 Rxe5 14. Bf4 Re8 15. a5 Rb8 16. Qd2 b5 17. axb6 Rxb6 18. e4 Bd7 19. Ra2 Ng4 20. Qe2 Ne5 21. Rxa6 Bg4 22. f3 Rxa6 23. Qxa6 Bc8 24. Qe2 Qa5 25. Qb5 Qd8 26. Ra1 Bd7 27. Qe2 Qb8 28. Ra6 c4 29. Be3 Nd3 30. Rb6 Qc7 31. Bf1 Rb8 32. Rxb8+ Qxb8 33. Qd2 Nxb2 34. Bd4 Bxd4+ 35. Qxd4 Qb3 36. e5 dxe5 37. Qxe5 Nd3 38. Qd4 Qb2 39. Ne2 Qb1 40. g4 Ne1 41. Qe3 Qd1 42. Kf2 Nd3+ 43. Kg1 h5 44. h3 hxg4 45. hxg4 Qe1 46. d6 Qb4 47. Qd4 Ne1 48. Kf2 Nc2 49. Qe5 Qb6+ 50. Kg3 Ne3 51. Bg2 Nd1 52. Qd4 Qxd4 53. Nxd4 Ne3 54. Bh3 c3 55. g5 Bxh3 56. Kxh3 Kf8 57. Ne2 Nd5 58. Kg3 Ke8 59. f4 Kd7 60. Kf3 c2 61. Nc1 Kxd6 62. Ke4 Kc5 63. Nb3+ Kc4 64. Nc1 Kc5 65. Nb3+ Kc4 66. Nc1 Nb4 67. f5 Nc6 68. fxg6 fxg6 69. Ke3 Kc3 70. Ke4 Nd4 71. Ke5 Kd2 72. Na2 Nf3+ 73. Kf6 Nh4 74. Ke5 c1=Q 75. Nxc1 Kxc1 76. Kf4 Kd2 0-1

[Event "Moscow Youth U19 2019"]
[Site "Moscow"]
[Date "2019.11.20"]
[Round "3.5"]
[White "Nikolaev, Daniil"]
[Black "Gurvich, Vitaly"]
[Result "0-1"]
[ECO "B07"]
[WhiteElo "1867"]
[BlackElo "2265"]
[Annotator "ChessBase"]
[PlyCount "76"]
[EventDate "2019.11.18"]
[EventType "swiss"]
[EventCountry "RUS"]
[SourceTitle "playchess.com"]
[Source "ChessBase"]
[SourceQuality "1"]
[TimeControl "5400+30"]

1. e4 d6 2. d4 Nf6 3. Nc3 e5 4. dxe5 dxe5 5. Qxd8+ Kxd8 6. Nf3 Bd6 7. h3 c6 8. Be3 Be6 9. O-O-O Ke7 10. Ng5 Nbd7 11. Nxe6 fxe6 12. g3 Bc5 13. Bg2 Bxe3+ 14. fxe3 a5 15. g4 h6 16. Ne2 Nc5 17. Ng3 a4 18. c3 b5 19. Rd2 a3 20. b4 Na4 21. Kc2 c5 22. bxc5 Rhc8 23. Kb3 Nxc5+ 24. Kc2 Na4 25. Ne2 b4 26. Kb3 Nc5+ 27. Kc2 Ncxe4 28. Bxe4 Nxe4 29. Rd3 Nf2 30. Rb1 Nxd3 31. Kxd3 Rd8+ 32. Kc2 bxc3 33. Nxc3 Rab8 34. Rb3 Rxb3 35. Kxb3 Rd3 36. Kb4 Rxe3 37. Nb5 Rxh3 38. Nxa3 Rg3 0-1

[Event "Moscow Youth U19 2019"]
[Site "Moscow"]
[Date "2019.11.20"]
[Round "3.6"]
[White "Talyzin, Valeriy"]
[Black "Sekoyan, Vachagan"]
[Result "0-1"]
[ECO "B06"]
[WhiteElo "1829"]
[BlackElo "2084"]
[Annotator "NA"]
[PlyCount "113"]
[EventDate "2019.11.18"]
[EventType "swiss"]
[EventCountry "RUS"]
[SourceTitle "playchess.com"]
[Source "ChessBase"]
[SourceQuality "1"]
[TimeControl "5400+30"]

1. e4 g6 2. d4 Bg7 3. Nf3 d6 4. Bc4 e6 5. Qe2 h6 (5... Ne7 6. O-O a6 7. Bb3 O-O 8. Re1 Nd7 9. Nbd2 b5 10. Nf1 c5 11. c3 cxd4 12. cxd4 Nc6 13. Be3 {1-0 (63) Grigoriants,S (2576)-Nakamura,H (2786) chess.com INT 2017}) 6. c3 {[%emt 0:01:38] B06: Modern Defence} Ne7 7. O-O a6 8. Bb3 b6 9. Bf4 Bb7 10. Re1 Nd7 11. Nbd2 O-O $146 ({Predecessor:} 11... g5 12. Bg3 Ng6 13. Nc4 {½-½ (42) Jenni,F (2399)-Gabriel,C (2578) Zuerich 1999}) 12. Rad1 Kh7 13. Bc2 Nf6 14. h3 Nd7 15. Nf1 Ng8 16. e5 dxe5 17. dxe5 Qe7 18. Bg3 Rad8 19. N1h2 Rc8 20. Bh4 Qe8 21. Rd2 b5 22. Rd4 Ne7 23. Red1 Nb6 (23... Bd5 $11 {keeps the balance.}) 24. g4 Nc6 25. Rf4 Nd5 26. Bg3 $2 (26. Rxd5 $11 {and White has nothing to worry.} exd5 27. Bf6) 26... Nxf4 27. Bxf4 Rd8 28. Nd2 Ne7 29. g5 Nf5 30. Ng4 $19 (30. gxh6 $17 Bxh6 31. Ng4) 30... h5 31. Ne3 Qc6 32. Be4 Qb6 33. Nxf5 exf5 34. Bxb7 Qxb7 35. Nf3 Qe4 36. Qxe4 Rxd1+ 37. Qe1 Rxe1+ 38. Nxe1 Rd8 39. Kf1 Rd1 40. Ke2 Rb1 41. Nd3 Rh1 42. f3 Rb1 43. Bc1 Ra1 44. a3 Rxc1 45. Nxc1 Bxe5 46. Nd3 {[%emt 0:00:14] [#]} Bd6 $1 47. Ke3 Kg7 48. Nf4 Bxf4+ 49. Kxf4 f6 50. h4 Kf7 51. b3 c6 52. b4 Ke6 53. gxf6 Kxf6 54. Kg3 Ke5 55. Kg2 Kf4 56. Kf2 g5 57. Ke1 0-1

[Event "Moscow Youth U19 2019"]
[Site "Moscow"]
[Date "2019.11.20"]
[Round "3.7"]
[White "Kozhukhov, Alexandr"]
[Black "Zavialov, Nikita A."]
[Result "0-1"]
[ECO "A04"]
[WhiteElo "1627"]
[BlackElo "2066"]
[Annotator "NA"]
[PlyCount "102"]
[EventDate "2019.11.18"]
[EventType "swiss"]
[EventCountry "RUS"]
[SourceTitle "playchess.com"]
[Source "ChessBase"]
[SourceQuality "1"]
[TimeControl "5400+30"]

1. d4 Nf6 2. Nf3 g6 3. c4 c5 4. g3 cxd4 5. Nxd4 Nc6 6. Nxc6 bxc6 7. Bg2 Bg7 8. O-O O-O 9. Nc3 Qc7 {[%emt 0:01:36] A04: Unusual lines after 1 Nf3 and King's Indian Attack} (9... Rb8 10. Qa4 Qb6 11. Rb1 Qa6 12. Qxa6 Bxa6 13. b3 d5 14. Ba3 dxc4 15. bxc4 Bxc4 16. Bxe7 Rxb1 17. Rxb1 Re8 {½-½ (32) Marin,M (2576)-Kovalenko,I (2668) Almaty 2016}) 10. Bf4 e5 $146 ({Predecessor:} 10... Qb6 11. Qd2 d6 12. Rac1 Be6 13. c5 Qxc5 14. Nd5 cxd5 15. Rxc5 dxc5 16. b3 a5 17. Be5 {½-½ (32) Muse,M (2383)-Sroczynski,M (2303) Germany 2016}) 11. Bg5 Rb8 12. b3 d6 13. Qc2 Be6 14. e4 h6 15. Bxf6 Bxf6 16. Rad1 Bg7 17. Rd2 Rbd8 18. h3 f5 19. c5 dxc5 20. Rfd1 Rd4 (20... f4 $17 21. Na4 fxg3 22. fxg3 {[#]} c4 $1 ) 21. Ne2 Rxd2 22. Qxd2 c4 23. b4 (23. exf5 $11 gxf5 24. bxc4) 23... c5 24. b5 Kh7 25. Qd6 Qc8 26. Nc3 f4 27. Qc6 Bxh3 28. Qxc8 Bxc8 29. Rd5 fxg3 30. fxg3 Be6 31. Rxc5 Rc8 $11 32. Rxc8 Bxc8 33. Bf1 Be6 34. Kf2 Bf8 35. Nd5 Bc5+ 36. Kf3 Bxd5 37. exd5 c3 38. Bd3 Kg7 39. a4 Kf6 40. g4 h5 41. gxh5 gxh5 42. a5 Bb4 43. a6 Ba5 44. Bc2 Kg5 45. Bd3 Bd8 46. Ke4 Kg4 47. Kxe5 Bb6 48. d6 h4 49. d7 h3 50. Kd6 h2 51. Be4 c2 {[%emt 0:00:30] Kc7} 0-1

[Event "Moscow Youth U19 2019"]
[Site "Moscow"]
[Date "2019.11.20"]
[Round "3.8"]
[White "Shlykov, Yaroslav"]
[Black "Rysaev, Danial"]
[Result "0-1"]
[ECO "C02"]
[WhiteElo "1623"]
[BlackElo "2029"]
[Annotator "NA"]
[PlyCount "77"]
[EventDate "2019.11.18"]
[EventType "swiss"]
[EventCountry "RUS"]
[SourceTitle "playchess.com"]
[Source "ChessBase"]
[SourceQuality "1"]
[TimeControl "5400+30"]

1. e4 e6 2. d4 d5 3. e5 c5 4. c3 Qb6 5. Nf3 Nc6 6. a3 Nh6 7. b4 cxd4 8. cxd4 Nf5 9. Be3 f6 10. exf6 {[%emt 0:01:36] C02: French: Advance Variation} gxf6 11. Nc3 Nxe3 12. fxe3 Bh6 13. Qd3 (13. e4 dxe4 14. Nxe4 O-O 15. Bc4 Kh8 16. Qd3 f5 17. Nc5 Bg7 {1-0 (58) Savchenko,B (2599)-Vitiugov,N (2738) Wroclaw 2014}) 13... Ne7 14. e4 dxe4 15. Qxe4 $146 ({Predecessor:} 15. Nxe4 Bg7 16. Qb5+ Qxb5 17. Bxb5+ Kd8 18. O-O Nd5 19. Rae1 Ke7 20. Bc4 Rd8 21. Ng3 Rd6 22. Nf5+ {1-0 (22) Anton Quevedo,A (1979)-Aragon Lopez,H (1447) Madrid 2016}) 15... Bd7 16. Qh4 Qc6 17. Ne2 Nf5 18. Qh5+ Ke7 19. d5 Qxd5 20. Rd1 Qe4 21. Nfd4 Qh4+ 22. Qxh4 Nxh4 23. g3 Ng6 24. Bg2 Ba4 25. Rd3 Rac8 26. Bxb7 {[%emt 0:05:14] [#]} Rc7 $1 27. Be4 Rhc8 28. b5 Ne5 29. Nc6+ Rxc6 ({Weaker is} 29... Nxc6 30. bxc6 f5 31. Bg2 $17) 30. bxc6 Nxd3+ 31. Bxd3 Bxc6 32. Rf1 e5 33. Bxh7 Be3 34. Rf5 Rb8 35. Nc3 $19 Bd4 36. Ne2 Rb1+ 37. Kd2 Rb2+ 38. Ke1 Be3 39. Rg5 0-1

[Event "Moscow Youth U19 2019"]
[Site "Moscow"]
[Date "2019.11.20"]
[Round "3.9"]
[White "Sauri, Georgy"]
[Black "Buniatyan, David"]
[Result "0-1"]
[ECO "B92"]
[WhiteElo "1494"]
[BlackElo "1960"]
[Annotator "NA"]
[PlyCount "50"]
[EventDate "2019.11.18"]
[EventType "swiss"]
[EventCountry "RUS"]
[SourceTitle "playchess.com"]
[Source "ChessBase"]
[SourceQuality "1"]
[TimeControl "5400+30"]

1. e4 c5 2. Nf3 d6 3. d4 cxd4 4. Nxd4 Nf6 5. Nc3 a6 6. Be2 e5 7. Nb3 Be7 8. O-O Be6 9. Be3 Nbd7 10. f3 O-O 11. Qd2 b5 12. a3 Rc8 13. Rad1 {[%emt 0:04:26] B92: Sicilian Najdorf: 6 Be2} ({Better is} 13. a4 $11) (13. Rfd1 Nb6 14. Nc1 d5 15. exd5 Nfxd5 16. Nxd5 Nxd5 17. Bf2 Qc7 18. c3 Bc5 19. Nd3 Bxf2+ 20. Nxf2 Qb6 {0-1 (35) Bjorgvik,J (1777)-Sand,R (1989) Bled 2018}) 13... Nb6 14. Qc1 $146 ({Predecessor:} 14. Kh1 Nc4 {½-½ (14) Kubat,M (1881)-Vartazarian,G (1775) Klatovy 2018}) 14... d5 15. exd5 Nbxd5 16. Nxd5 Nxd5 17. Bd3 Qc7 18. Kh1 Rfd8 19. f4 (19. Bd2 $17 {keeps fighting.}) 19... exf4 20. Bxf4 $2 (20. Bd2 {is a better chance.}) 20... Nxf4 21. Qxf4 Qxf4 22. Rxf4 Bxb3 23. cxb3 {[%emt 0:05:49] [#]} Rxd3 $19 24. Rxd3 Rc1+ 25. Rf1 Rxf1# 0-1